 Dungeon Crawl Stone Soup version 0.24-a0-736-g4e6fe308c7 (webtiles) character file.

Game seed: 1024095444921318388, levelgen mode: deterministic

888 Banto the Insei (level 8, -3/48 HPs)
             Began as an Octopode Transmuter on Oct 2, 2019.
             Killed from afar by Sigmund (10 damage)
             ... with a magic dart
             ... on level 5 of the Dungeon.
             The game lasted 00:07:47 (4555 turns).

Banto the Insei (Octopode Transmuter)               Turns: 4555, Time: 00:07:47

Health: -3/48      AC:  2    Str:  9    XL:     8   Next: 6%
Magic:  10/11      EV: 20    Int: 16    God:
Gold:   206        SH:  0    Dex: 19    Spells: 2/11 levels left

rFire    + . .     SeeInvis .     - Unarmed
rCold    . . .     Gourm    .   (shield currently unavailable)
rNeg     . . .     Faith    .   (helmet currently unavailable)
rPois    x         Spirit   .   (no amulet)
rElec    .         Reflect  .   b - ring of protection from fire
rCorr    .         Harm     .   (no ring)
MR       .....                  (no ring)
Stlth    ++........             (no ring)
HPRegen  0.16/turn              (no ring)
MPRegen  0.12/turn              (no ring)
                                (no ring)
                                (no ring)

@: spider-form
A: tiny, almost no armour, stealthy swim, (amphibious), 8 rings, (constrict 8)
a: End Transformation


You were on level 5 of the Dungeon.
You were hungry.
You were a venomous arachnid creature.
You visited 1 branch of the dungeon, and saw 5 of its levels.

You collected 206 gold pieces.

Inventory:

Missiles
 a - 67 arrows
 j - 4 atropa-tipped darts (quivered)
Jewellery
 b - a ring of protection from fire (left front leg)
Wands
 p - a wand of flame (13)
 r - a wand of iceblast (9)
Scrolls
 i - a scroll of remove curse
 l - 4 scrolls of identify
 n - a scroll of enchant weapon
Potions
 d - 3 potions of ambrosia
 e - a potion of flight {unknown}
 f - 3 potions of heal wounds
 g - 2 potions of agility
 h - 2 potions of resistance
 k - a potion of brilliance {unknown}
 m - a potion of curing {unknown}
 q - 3 potions of magic {unknown}
Comestibles
 c - 5 rations
 o - a chunk of flesh


   Skills:
 - Level 1.0 Fighting
 - Level 2.0 Dodging
 + Level 6.1 Unarmed Combat
 - Level 2.0 Spellcasting
 + Level 5.6 Transmutations
 + Level 3.5 Ice Magic
 - Level 3.0 Poison Magic


You had 2 spell levels left.
You knew the following spells:

 Your Spells              Type           Power        Failure   Level  Hunger
a - Ice Form              Ice/Tmut       ###.....     54%         4    #####..
b - Sticks to Snakes      Tmut           ###.....     11%         2    ###....
c - Spider Form           Tmut/Pois      ###.......   26%         3    ###....

Your spell library contained the following spells:

 Spells                   Type           Power        Failure   Level  Hunger
 Beastly Appendage        Tmut           ###...       8%          1    #......
 Blade Hands              Tmut           ###.......   71%         5    ######.


Dungeon Overview and Level Annotations

Branches:
Dungeon (5/15)
 Temple: D:4-7

Altars:
Fedhas

Annotations:
D:4 Blork the orc
D:5 Pikel, Sigmund


Innate Abilities, Weirdness & Mutations

You cannot wear most types of armour.
You are very stealthy in the water. (Stealth+)
((You are amphibious.))
You can wear up to eight rings at the same time.
((You can use your tentacles to constrict eight enemies at once.))
((Your skin changes colour to match your surroundings (Stealth+).))
((Your rubbery body absorbs attacks. (AC +1, EV +1)))


Message History

The slave is almost dead.
The slave hits you. Something hits you!
* * * LOW HITPOINT WARNING * * *
You take 13 damage, and have 11/48 hp.
MASSIVE DAMAGE!!
You kill the slave!
That felt strangely unrewarding.
You are feeling hungry.
Something closely misses you. Something barely misses you.
You hit something. You hit something. Something barely misses you.
You hit something. Something hits you.
* * * LOW HITPOINT WARNING * * *
You take 5 damage, and have 7/48 hp.
You closely miss something. You barely miss something.
You hear some strange, mumbled words.
A magic dart appears from out of thin air!
The magic dart hits you!
You die...

#################################
...(...........{s......>........#
###########)#############..####.#
#.# ##.# #.# #########(##### #.#
#.# ..............# #.## #.#
........p....?# #..# #.#
..............# #########.# #.#
..........................###.#
..............###########..##.#


There were no monsters in sight!

Vanquished Creatures
  3 phantoms (D:4)
  2 slaves (D:5)
  An ogre (D:4)
  A centaur (D:5)
  An orc wizard (D:4)
  A bullfrog zombie (D:5)
  An orc priest (D:4)
  3 bullfrog skeletons
  Natasha (thrice) (D:2)
  2 worker ants (D:5)
  Robin (D:4)
  A worker ant zombie (D:3)
  4 adders
  An ooze (D:1)
  An adder skeleton (D:5)
  2 worms
  3 dart slugs
  4 orcs (D:4)
  4 giant cockroaches
  8 hobgoblins
  6 jackals (D:1)
  3 quokkas
  7 bats
  4 frilled lizards
  17 goblins
  8 kobolds
  10 rats
102 creatures vanquished.

Notes
Turn   | Place    | Note
-------+----------+-------------------------------------------
     0 | D:1      | Banto the Octopode Transmuter began the quest for the Orb.
     0 | D:1      | Reached XP level 1. HP: 13/13 MP: 3/3
   178 | D:1      | Reached XP level 2. HP: 15/18 MP: 5/5
   516 | D:1      | Reached XP level 3. HP: 21/23 MP: 6/6
   827 | D:2      | Learned a level 2 spell: Sticks to Snakes
   842 | D:2      | Learned a level 3 spell: Spider Form
   852 | D:2      | Reached skill level 1 in Poison Magic
   852 | D:2      | Reached XP level 4. HP: 6/28 MP: 7/7
  1150 | D:2      | Reached skill level 4 in Unarmed Combat
  1164 | D:2      | Noticed Natasha
  1189 | D:2      | Killed Natasha
  1326 | D:2      | Reached XP level 5. HP: 22/33 MP: 8/8
  1612 | D:2      | Noticed Natasha
  1623 | D:2      | Killed Natasha
  1692 | D:2      | Noticed Natasha
  1731 | D:2      | Killed Natasha
  2159 | D:3      | Reached XP level 6. HP: 31/38 MP: 9/9
  2571 | D:4      | Learned a level 4 spell: Ice Form
  2617 | D:4      | Noticed a phantom
  2618 | D:4      | Noticed a phantom
  2762 | D:4      | Killed a phantom
  2762 | D:4      | Reached skill level 5 in Unarmed Combat
  2762 | D:4      | Reached skill level 1 in Ice Magic
  2777 | D:4      | Killed a phantom
  2957 | D:4      | Reached XP level 7. HP: 24/43 MP: 7/10
  3274 | D:4      | Reached skill level 5 in Transmutations
  3292 | D:4      | Noticed Robin
  3310 | D:4      | Killed Robin
  3311 | D:4      | Found a blossoming altar of Fedhas.
  4050 | D:4      | Noticed Blork the orc
  4119 | D:5      | Entered Level 5 of the Dungeon
  4236 | D:5      | Paralysed by fainting for 5 turns
  4415 | D:5      | Reached skill level 6 in Unarmed Combat
  4415 | D:5      | Reached XP level 8. HP: 19/48 MP: 9/11
  4527 | D:5      | Noticed Sigmund
  4529 | D:5      | Noticed Pikel
  4555 | D:5      | Killed from afar by Sigmund

Levels and vault maps discovered:
D:1:      kilobyte_arrival_exit_the_forest, layout_rooms, st_stairs_14,
          minivault_19
D:2:      layout_basic, uniq_natasha
D:3:      layout_loops_ring, first_ration
D:4:      layout_rooms, old_standard_altar, serial_co_window_serial,
          co_window_paths_b, co_window_paths_b, co_window_of_opportunity_a,
          co_window_corner_a, co_window_corner_a, co_window_2corner,
          co_window_cross_4, co_window_corner_b, co_window_4corner_b,
          glass_columns_b, glass_columns_a, glass_columns_c, glass_columns_a,
          uniq_blork_the_orc, uniq_robin
D:5:      layout_basic, serial_glass, glass_columns_b, glass_columns_a,
          uniq_sigmund, uniq_pikel

Skill      XL: |  1  2  3  4  5  6  7 |
---------------+----------------------+-----
Transmutations | 3 4 5 |  5.6
Poison Magic   | 1 2 3 |  3.0
Unarmed Combat | 4 5 6 |  6.1
Ice Magic      | 2 3 |  3.5
Fighting       | |  1.0
Dodging        | |  2.0
Spellcasting   | |  2.0

Action                   |  1- 3 |  4- 6 |  7- 9 || total
-------------------------+-------+-------+-------++-------
Melee: Unarmed           |    58 |   125 |   111 ||   294
       Constrict         |    15 |    26 |     8 ||    49
       Tentacles         |    13 |    19 |    12 ||    44
       Punch             |     1 |     3 |     4 ||     8
 Cast: Spider Form       |       |     2 |     3 ||     5
       Ice Form          |       |     1 |       ||     1
       Sticks to Snakes  |       |       |     1 ||     1
  Use: Scroll            |     1 |     8 |     2 ||    11
 Stab: Sleeping          |     4 |     9 |       ||    13
       Distracted        |       |     1 |       ||     1
  Eat: Chunk             |       |     7 |     2 ||     9
       Ration            |       |       |     1 ||     1
Armor: Skin              |     2 |     6 |     3 ||    11
Dodge: Dodged            |    39 |    70 |    73 ||   182

Table legend:
 A = Non-vault XP
 B = Vault XP
 C = Vault XP percentage of total XP
 D = Non-vault monster count
 E = Vault monster count
 F = Vault count percentage of total count
                 A         B        C        D         E       F
            +---------+---------+-------+---------+---------+-------
      Total |    1194 |      75 |   5.9 |      86 |      14 |  14.0
            +---------+---------+-------+---------+---------+-------
        D:1 |      50 |       1 |   2.0 |      26 |       1 |   3.7
        D:2 |     196 |      36 |  15.5 |      22 |       1 |   4.3
        D:3 |      60 |       0 |   0.0 |      17 |       0 |   0.0
        D:4 |     616 |      38 |   5.8 |      13 |      12 |  48.0
        D:5 |     272 |       0 |   0.0 |       8 |       0 |   0.0
            +---------+---------+-------+---------+---------+-------

Table legend:
 A = Turns spent in this place as a percentage of turns spent in the entire game.
 B = Non-inter-level travel turns spent in this place as a percentage of non-inter-level travel turns spent in the entire game.
 C = Inter-level travel turns spent in this place as a percentage of turns spent in this place.
 D = Turns resting spent in this place as a percentage of non-inter-level travel turns spent in this place.
 E = Turns spent auto-exploring this place as a percentage of non-inter-level travel turns spent in this place.
 F = Non-inter-level travel turns spent in this place divided by the number of levels of this place that you've seen.
                   A       B       C       D       E      F
               +-------+-------+-------+-------+-------+----------------------
         Total | 100.0 | 100.0 |   2.2 |  35.0 |  41.2 | 891.4
       Dungeon | 100.0 | 100.0 |   2.2 |  35.0 |  41.2 | 891.4
               +-------+-------+-------+-------+-------+----------------------

Table legend:
 A = Kills in this place as a percentage of kills in entire the game.
 B = Kills by you in this place as a percentage of kills by you in the entire game.
 C = Kills by friends in this place as a percentage of kills by friends in the entire game.
 D = Other kills in this place as a percentage of other kills in the entire game.
 E = Experience gained in this place as a percentage of experience gained in the entire game.
 F = Experience gained in this place divided by the number of levels of this place that you have seen.
                   A       B       C       D       E      F
               +-------+-------+-------+-------+-------+----------------------
         Total | 100.0 | 100.0 |   N/A |   N/A | 100.0 | 253.8
       Dungeon | 100.0 | 100.0 |   N/A |   N/A | 100.0 | 253.8
               +-------+-------+-------+-------+-------+----------------------
